[Event "*** Titled Tuesday Blitz"]
[Site "Chess.com"]
[Date "2020.10.20"]
[Round "4"]
[White "killer311"]
[Black "annamaja"]
[Result "0-1"]
[WhiteElo "2411"]
[BlackElo "2292"]
[TimeControl "180+1"]
[EndTime "10:38:14 PDT"]
[Termination "annamaja won by resignation"]

1. d4 d5 2. c4 c6 3. e3 Nf6 4. Nf3 e6 5. b3 Bd6 6. Nbd2 O-O 7. Bb2 Nbd7 8. Bd3 b6 9. O-O Bb7 10. Ne5 c5 11. f4 Rc8 12. Rc1 Qe7 13. Ndf3 Ne4 14.
Nxd7 Qxd7 15. Ne5 Qe7 16. Qg4 f6 17. Nf3 cxd4 18. Nxd4 Bc5 19. Kh1 Bxd4 20. Bxd4 e5 21. Bb2 dxc4 22. Bxc4+ Kh8 23. Bd3 Rxc1 24. Rxc1 Nf2+ 0-1

[Event "*** Titled Tuesday Blitz"]
[Site "Chess.com"]
[Date "2020.10.20"]
[Round "4"]
[White "manitodeplomo"]
[Black "stolencandy13"]
[Result "0-1"]
[WhiteElo "2666"]
[BlackElo "2472"]
[TimeControl "180+1"]
[EndTime "10:38:16 PDT"]
[Termination "stolencandy13 won by resignation"]

1. d4 Nf6 2. c4 e5 3. dxe5 Ng4 4. e3 Nxe5 5. Nc3 Nbc6 6. f4 Ng6 7. Bd3 Bc5 8. Nge2 O-O 9. O-O Re8 10. Ng3 Bxe3+ 11.
Bxe3 Rxe3 12. Nd5 Re8 13. f5 Nge5 14. f6 d6 15. fxg7 Qh4 16. Nf6+ Kxg7 17. Nxe8+ Kf8 18. Nf6 Qd4+ 19. Kh1 Nxd3 20. Qh5 Be6 21. Nxh7+ Ke7 22. Qh4+ Qxh4 0-1

[Event "*** Titled Tuesday Blitz"]
[Site "Chess.com"]
[Date "2020.10.20"]
[Round "4"]
[White "picturesquecheck"]
[Black "Mikasinski"]
[Result "0-1"]
[WhiteElo "2128"]
[BlackElo "2546"]
[TimeControl "180+1"]
[EndTime "10:38:25 PDT"]
[Termination "Mikasinski won by resignation"]

1. e4 c5 2. Nf3 d6 3. d4 cxd4 4. Nxd4 Nf6 5. Nc3 g6 6. Be3 Bg7 7. f3 O-O 8. Bc4 Nc6 9. Bb3 Bd7 10. Qd2 Rc8 11. O-O-O Ne5 12. Kb1 Nc4 13. Bxc4 Rxc4 14. g4 b5 15. b3 b4 16. bxc4 bxc3 17. Qxc3 Qc7 18. g5 Rb8+ 19. Ka1 Ne8 20. Rb1 Rc8 21.
Rb4 d5 22. e5 a5 23. Rb2 Bxe5 24. c5 Qxc5 25. Qxc5 Rxc5 26. Rd1 Nd6 27. Rb8+ Nc8 28. Kb1 Bxb8 0-1

[Event "*** Titled Tuesday Blitz"]
[Site "Chess.com"]
[Date "2020.10.20"]
[Round "4"]
[White "Walter_White_Poland"]
[Black "Oglob71"]
[Result "0-1"]
[WhiteElo "2305"]
[BlackElo "2449"]
[TimeControl "180+1"]
[EndTime "10:38:32 PDT"]
[Termination "Oglob71 won by resignation"]

1. e4 c5 2. Nf3 e6 3. d4 cxd4 4. Nxd4 a6 5. Nc3 Qc7 6. a3 Nf6 7.
Be3 d6 8. Be2 b5 9. O-O Bb7 10.
f3 Nbd7 11. a4 b4 12. Na2 d5 13. exd5 Nxd5 14. Bf2 Bd6 15. g3 O-O 16. Nc1 Rac8 17. Bd3 Ne5 18. Be4 Bc5 19. Ncb3 Ba7 20. f4 Nc4 21. f5 Nde3 22. Qh5 Bxe4 23. f6 Bg6 24. Qg5 h6 25. Qh4 Qe5 26. fxg7 Qxg7 27. Rfe1 Nf5 28. Nxf5 Bxf2+ 29. Kg2 Bxf5 0-1

[Event "*** Titled Tuesday Blitz"]
[Site "Chess.com"]
[Date "2020.10.20"]
[Round "4"]
[White "BlackBoarder"]
[Black "ChelsieMonica"]
[Result "1-0"]
[WhiteElo "2596"]
[BlackElo "2364"]
[TimeControl "180+1"]
[EndTime "10:38:39 PDT"]
[Termination "BlackBoarder won by checkmate"]

1. e4 e5 2. Nf3 d5 3. exd5 e4 4. Qe2 Nf6 5. Nc3 Bf5 6. Nh4 g6 7. Nxf5 gxf5 8. g3 Nxd5 9. Bh3 Nxc3 10. dxc3 Qd5 11. Bf4 Na6 12. Rd1 Qc5 13. O-O Bg7 14. Qh5 O-O 15. Bxf5 h6 16. Rd5 Qc4 17. Bxh6 Qxd5 18.
Bxg7 Kxg7 19. Qg5+ Kh8 20. Qh6+ Kg8 21. Qh7# 1-0

[Event "*** Titled Tuesday Blitz"]
[Site "Chess.com"]
[Date "2020.10.20"]
[Round "4"]
[White "Tooweak2slow03"]
[Black "RaunakSadhwani2005"]
[Result "1/2-1/2"]
[WhiteElo "2782"]
[BlackElo "2966"]
[TimeControl "180+1"]
[EndTime "10:38:40 PDT"]
[Termination "Game drawn by agreement"]

1. e4 e5 2. Nf3 Nc6 3. Nc3 Nf6 4. a3 Bc5 5. Nxe5 Nxe5 6. d4 Bd6 7. f4 Ng6 8. e5 Be7 9. exf6 Bxf6 10. d5 Bxc3+ 11. bxc3 d6 12. Bd3 Qe7+ 13. Kf2 O-O 14. Qf3 Qf6 15. Bd2 Bf5 16. Rhe1 Rfe8 17. Rxe8+ Rxe8 18. Re1 Rxe1 19. Kxe1 Qh4+ 20. g3 Qh3 21. Bxf5 Qxf5 22. Qd3 Qh3 23. Qe2 Kf8 24. c4 Ne7 25. Qf2 h5 26. Qxa7 Qc8 27. a4 Kg8 28. a5 Nf5 1/2-1/2

[Event "*** Titled Tuesday Blitz"]
[Site "Chess.com"]
[Date "2020.10.20"]
[Round "4"]
[White "Sashadav97"]
[Black "AryanTari"]
[Result "1-0"]
[WhiteElo "2642"]
[BlackElo "2851"]
[TimeControl "180+1"]
[EndTime "10:38:41 PDT"]
[Termination "Sashadav97 won by resignation"]

1. Nf3 g6 2. d4 Nf6 3. c4 Bg7 4. Nc3 d5 5. cxd5 Nxd5 6. e4 Nxc3 7. bxc3 c5 8. Bb5+ Nc6 9. d5 Qa5 10. Rb1 a6 11. Ba4 b5 12. dxc6 bxa4 13. O-O O-O 14.
Bf4 Bg4 15. h3 Bxf3 16. Qxf3 e5 17. Bd2 Rfc8 18. Rb7 Rc7 19. c4 Qxd2 20. Rxc7 Rf8 21. Rd7 Qb4 22. c7 Qb7 23. Rfd1 Qc6 24. R1d6 Qb7 25.
Re7 Bh6 26. Rd8 Bg5 27. Qxf7+ 1-0

[Event "*** Titled Tuesday Blitz"]
[Site "Chess.com"]
[Date "2020.10.20"]
[Round "4"]
[White "andresgv36"]
[Black "Srisshhhtea"]
[Result "1-0"]
[WhiteElo "2423"]
[BlackElo "2255"]
[TimeControl "180+1"]
[EndTime "10:38:52 PDT"]
[Termination "andresgv36 won by resignation"]

1. d4 d5 2. Bf4 Nf6 3. e3 e6 4. Nf3 Bd6 5. Nbd2 c5 6. c3 Nc6 7.
Bg3 O-O 8. Bd3 Re8 9. Ne5 Qc7 10.
f4 b6 11. Bh4 cxd4 12. exd4 Ne4 13. Nxe4 dxe4 14. Bxe4 Bxe5 15. fxe5 Nxe5 16. Bxa8 Ng6 17. Bg3 e5 18. O-O Ba6 19. Qa4 Qc8 20. Bc6 Bxf1 21. Bxe8 Bd3 22. Qd7 1-0

[Event "*** Titled Tuesday Blitz"]
[Site "Chess.com"]
[Date "2020.10.20"]
[Round "4"]
[White "Cocaino74"]
[Black "Stalri"]
[Result "0-1"]
[WhiteElo "2377"]
[BlackElo "2170"]
[TimeControl "180+1"]
[EndTime "10:38:52 PDT"]
[Termination "Stalri won by resignation"]

1. e4 c5 2. Nf3 e6 3. c3 Nf6 4.
e5 Nd5 5. g3 Nc6 6. Bg2 Qc7 7.
O-O Nxe5 8. Nxe5 Qxe5 9. d4 cxd4 10. Re1 Qd6 11. Qxd4 Nf6 12. Qa4 Be7 13. Na3 O-O 14.
Nc4 Qc7 15. Bf4 d6 16. Rad1 e5 17. Bg5 b5 18. Qxb5 Rb8 19. Qa4 Bd7 20. Qa5 Qxc4 21.
Qxa7 Qe6 22. f4 Ng4 23. Bxe7 Qxe7 24. fxe5 Rxb2 25. Rxd6 Rxg2+ 26. Kxg2 Bc6+ 0-1

[Event "*** Titled Tuesday Blitz"]
[Site "Chess.com"]
[Date "2020.10.20"]
[Round "4"]
[White "zmeeed67"]
[Black "pastouche06"]
[Result "1-0"]
[WhiteElo "2350"]
[BlackElo "2460"]
[TimeControl "180+1"]
[EndTime "10:38:56 PDT"]
[Termination "zmeeed67 won by resignation"]

1. e4 c6 2. d4 d5 3. e5 Bf5 4.
Nf3 e6 5. Be2 Ne7 6. O-O Ng6 7.
Be3 Nd7 8. c3 f6 9. exf6 Qxf6 10.
b4 Bd6 11. b5 O-O 12. bxc6 bxc6 13. Nbd2 Nf4 14. Bxf4 Bxf4 15. Qa4 e5 16. dxe5 Nxe5 17. Qxf4 Nxf3+ 18. Nxf3 Rab8 19. Qd4 Rb2 20. Qxf6 Rxf6 21. Rfe1 Be4 22. c4 Bxf3 23. Bxf3 dxc4 24. Rac1 Rxa2 25. Rxc4 Ra6 26. h4 Rb6 27. Re7 a5 28. Rc7 Rb4 29. R4xc6 1-0

[Event "*** Titled Tuesday Blitz"]
[Site "Chess.com"]
[Date "2020.10.20"]
[Round "4"]
[White "gliglu"]
[Black "djano"]
[Result "0-1"]
[WhiteElo "2328"]
[BlackElo "2457"]
[TimeControl "180+1"]
[EndTime "10:38:58 PDT"]
[Termination "djano won by resignation"]

1. d4 g6 2. c4 Bg7 3. Nc3 Nf6 4. e4 d6 5. Bd3 Nc6 6. Nge2 Nd7 7. Be3 e5 8. d5 Ne7 9. O-O O-O 10. Qd2 f5 11. Bh6 f4 12. Bxg7 Kxg7 13. f3 g5 14. b4 Ng6 15. h3 h5 16. Kf2 Nf6 17. c5 g4 18. hxg4 hxg4 19. Ke1 a5 20. cxd6 cxd6 21.
b5 a4 22. Kd1 Bd7 23. Rh1 Qb6 24. Kc2 Rfc8 25. Rab1 Qf2 26. Nc1 Rxc3+ 27. Kd1 Qxd2+ 28. Kxd2 Rac8 29. Ne2 Ra3 30. Rb2 g3 31. Rhb1 Nh4 32.
Rg1 Rc5 33. Kd1 Rxd3+ 0-1

[Event "*** Titled Tuesday Blitz"]
[Site "Chess.com"]
[Date "2020.10.20"]
[Round "4"]
[White "cukin84"]
[Black "anpospan"]
[Result "0-1"]
[WhiteElo "2045"]
[BlackElo "2373"]
[TimeControl "180+1"]
[EndTime "10:38:58 PDT"]
[Termination "anpospan won by resignation"]

1. e4 d6 2. d4 Nf6 3. Nc3 g6 4. Be3 Bg7 5. f3 O-O 6. Qd2 e5 7. d5 c6 8. dxc6 bxc6 9. O-O-O d5 10. exd5 cxd5 11. Nxd5 Nxd5 12. Qxd5 Qxd5 13. Rxd5 Be6 14. Rd1 Bxa2 15. b3 e4 16. fxe4 Nc6 17. Bb5 Ne5 18. Nf3 Rfc8 19. Ba4 Rab8 20. Bd4 Nxf3 21. gxf3 Bxb3 22.
Bxb3 Rxb3 23. Bxg7 Kxg7 24. Rhf1 Rbc3 25. Rf2 a5 26. Kb2 a4 27. Rd3 a3+ 28. Kb1 Rb8+ 29.
Ka2 Rb2+ 30. Ka1 Rxd3 0-1

[Event "*** Titled Tuesday Blitz"]
[Site "Chess.com"]
[Date "2020.10.20"]
[Round "4"]
[White "Bulldog167"]
[Black "MarceloPlaya"]
[Result "1-0"]
[WhiteElo "2759"]
[BlackElo "2301"]
[TimeControl "180+1"]
[EndTime "10:39:00 PDT"]
[Termination "Bulldog167 won by resignation"]

1. e4 e6 2. b3 d5 3. Bb2 dxe4 4. Nc3 Nf6 5. Qe2 Nc6 6. Nxe4 Be7 7. Nf3 Nxe4 8. Qxe4 Bf6 9. d4 Qd5 10. Qe3 Bd7 11. Bc4 Qa5+ 12. Bc3 Qa3 13. O-O O-O 14.
Rad1 Qxa2 15. d5 exd5 16. Bxf6 dxc4 17. Qg5 g6 18. Qh6 1-0

[Event "*** Titled Tuesday Blitz"]
[Site "Chess.com"]
[Date "2020.10.20"]
[Round "4"]
[White "GMJustin"]
[Black "Gusarov91"]
[Result "0-1"]
[WhiteElo "2270"]
[BlackElo "2581"]
[TimeControl "180+1"]
[EndTime "10:39:01 PDT"]
[Termination "Gusarov91 won on time"]

1. e4 c6 2. d4 Na6 3. Nc3 Nc7 4.
Nf3 d5 5. h3 dxe4 6. Nxe4 Bf5 7. Ng3 Bg6 8. h4 h6 9. Ne5 Bh7 10. Qh5 g6 11. Qf3 Nf6 12. Bc4 e6 13. c3 Be7 14. Bxh6 Rg8 15. Bg5 Ncd5 16. Ne4 Rg7 17. Bxd5 Nxd5 18. Bxe7 Qxe7 19. O-O-O O-O-O 0-1

[Event "*** Titled Tuesday Blitz"]
[Site "Chess.com"]
[Date "2020.10.20"]
[Round "4"]
[White "Grieve72"]
[Black "Vanina1989"]
[Result "0-1"]
[WhiteElo "2451"]
[BlackElo "2674"]
[TimeControl "180+1"]
[EndTime "10:39:08 PDT"]
[Termination "Vanina1989 won by checkmate"]

1. d4 Nf6 2. Bg5 d5 3. Bxf6 gxf6 4. c4 e5 5. Nc3 c5 6. e3 cxd4 7. exd4 Nc6 8. cxd5 Nxd4 9. Nge2 Qb6 10. Qd2 Bf5 11. Rc1 Bb4 12. a3 Nb3 13. Qd1 Bc5 14. Ng3 Bxf2+ 15. Ke2 Qe3# 0-1

[Event "*** Titled Tuesday Blitz"]
[Site "Chess.com"]
[Date "2020.10.20"]
[Round "4"]
[White "DrMamaliga"]
[Black "vinniethepooh"]
[Result "0-1"]
[WhiteElo "2361"]
[BlackElo "2562"]
[TimeControl "180+1"]
[EndTime "10:39:12 PDT"]
[Termination "vinniethepooh won by checkmate"]

1. c4 Nf6 2. Nf3 c6 3. d4 d5 4.
cxd5 cxd5 5. Nc3 Nc6 6. Bf4 a6 7. Rc1 Bf5 8. e3 e6 9. Qb3 Bb4 10.
Be2 O-O 11. O-O Qe7 12. a3 Bxc3 13. Qxc3 Ne4 14. Qb3 Rfc8 15. Qb6 g5 16. Bg3 g4 17. Ne5 Nxe5 18. Bxe5 h5 19. Bc7 Nd2 20. Rfd1 Nc4 21. Bxc4 Rxc7 22. Bf1 Rac8 23. Rxc7 Rxc7 24. g3 Be4 25. Bd3 Bxd3 26. Rxd3 Rc1+ 27. Kg2 Qf6 28. e4 dxe4 29. Re3 Qf3+ 30. Rxf3 exf3# 0-1

[Event "*** Titled Tuesday Blitz"]
[Site "Chess.com"]
[Date "2020.10.20"]
[Round "4"]
[White "ChessArchitect64"]
[Black "MalyDominator"]
[Result "0-1"]
[WhiteElo "2046"]
[BlackElo "2373"]
[TimeControl "180+1"]
[EndTime "10:39:14 PDT"]
[Termination "MalyDominator won by resignation"]

1. e4 c5 2. Nf3 d6 3. Bb5+ Nd7 4. O-O a6 5. Bxd7+ Bxd7 6. c3 Nf6 7. Re1 g6 8. d4 cxd4 9. cxd4 Bg7 10. Nc3 O-O 11. Bf4 Rc8 12. h3 b5 13. e5 Ne8 14. exd6 Nxd6 15.
Bxd6 exd6 16. Ne4 Qb6 17. Qb3 Be6 18. d5 Bf5 19. Ng3 Bc2 20. Qa3 b4 21. Qe3 Qxe3 22. Rxe3 Bxb2 23. Rae1 Bc3 24. R1e2 Bd1 25. Re1 Bxe1 26.
Rxe1 Bxf3 27. gxf3 Rfe8 28. Rb1 a5 29. Ne4 Red8 30.
Kf1 f5 31. Ng5 Rc2 32. Ne6 Rdc8 33. Re1 Rxa2 34. Ng5 b3 35. Rb1 b2 36. Kg2 Rc1 0-1

[Event "*** Titled Tuesday Blitz"]
[Site "Chess.com"]
[Date "2020.10.20"]
[Round "4"]
[White "realmadridtv"]
[Black "beto-betun"]
[Result "1-0"]
[WhiteElo "2401"]
[BlackElo "2183"]
[TimeControl "180+1"]
[EndTime "10:39:17 PDT"]
[Termination "realmadridtv won by resignation"]

1. d4 Nf6 2. g3 g6 3. Bg2 Bg7 4. e4 d6 5. Ne2 O-O 6. O-O c5 7. c4 cxd4 8. Nxd4 Nc6 9. Nc2 Be6 10. Qe2 Na5 11. Ne3 Rc8 12. Nd2 Nd7 13. Rb1 Ne5 14.
b3 Nac6 15. f4 Nd7 16. f5 Nd4 17. Qe1 gxf5 18. exf5 Nc5 19. fxe6 Nd3 20. Qd1 Nxe6 21. Kh1 Qb6 22. Ne4 Nxc1 23. Qxc1 Bh6 24. Nd5 Bxc1 25. Nxb6 axb6 26. Rbxc1 1-0

[Event "*** Titled Tuesday Blitz"]
[Site "Chess.com"]
[Date "2020.10.20"]
[Round "4"]
[White "Margency"]
[Black "crescentmoon2411"]
[Result "1/2-1/2"]
[WhiteElo "2683"]
[BlackElo "2879"]
[TimeControl "180+1"]
[EndTime "10:39:18 PDT"]
[Termination "Game drawn by repetition"]

1. e4 e6 2. d4 d5 3. Nc3 Bb4 4. e5 c5 5. a3 Bxc3+ 6. bxc3 Ne7 7. Qg4 Qc7 8. Qxg7 Rg8 9. Qxh7 cxd4 10. Ne2 Nbc6 11.
f4 dxc3 12. Qd3 d4 13. Nxd4 Nxd4 14. Qxd4 Bd7 15. Rg1 Nf5 16. Qf2 Bc6 17. g4 Ne7 18. Bd3 Qa5 19. Be3 Nd5 20. h4 O-O-O 21. h5 Bb5 22. Bh7 Rh8 23. Be4 Nxe3 24. Qxe3 Rd2 25.
Qc5+ Kb8 26. Bd3 Bxd3 27. Qxa5 Re2+ 28. Kd1 Rd2+ 29. Ke1 Re2+ 30. Kd1 Rd2+ 31. Ke1 Re2+ 32. Kd1 1/2-1/2

[Event "*** Titled Tuesday Blitz"]
[Site "Chess.com"]
[Date "2020.10.20"]
[Round "4"]
[White "UCantHandleDenker"]
[Black "GigaQuparadze"]
[Result "0-1"]
[WhiteElo "2532"]
[BlackElo "2867"]
[TimeControl "180+1"]
[EndTime "10:39:19 PDT"]
[Termination "GigaQuparadze won by resignation"]

1. Nf3 c5 2. g3 b6 3. Bg2 Bb7 4. O-O g6 5. d3 Bg7 6. e4 d6 7.
Nbd2 Nc6 8. Re1 Nf6 9. a4 O-O 10. Nc4 Nd7 11. h4 h5 12. c3 Nde5 13. Nfxe5 dxe5 14. Qc2 Qd7 15. Be3 Rfd8 16. Red1 Bf6 17. Kh2 Ba6 18. Bh3 Qc7 19. Na3 e6 20. Nb5 Qe7 21. Rf1 Rd7 22. Rfd1 Rad8 23. Bf1 Kg7 24. Kg1 Rc8 25.
Qc1 Na5 26. Qc2 g5 27. hxg5 Bxg5 28. Qc1 Bf6 29. Qc2 h4 30. Qe2 Rh8 31. Bg2 Kf8 32.
Qg4 Nb3 33. Ra3 Na5 34. Raa1 Ke8 35. Kf1 Kd8 36. Ke2 hxg3 37. Qxg3 Kc8 38. Rh1 Rhd8 39. Rad1 Nc6 40. Rh7 c4 41. dxc4 Rxd1 0-1

[Event "*** Titled Tuesday Blitz"]
[Site "Chess.com"]
[Date "2020.10.20"]
[Round "4"]
[White "SantoBlue"]
[Black "Azerichess"]
[Result "0-1"]
[WhiteElo "2773"]
[BlackElo "2968"]
[TimeControl "180+1"]
[EndTime "10:39:21 PDT"]
[Termination "Azerichess won by resignation"]

1. Nf3 Nf6 2. g3 g6 3. b3 Bg7 4. Bb2 O-O 5. Bg2 d6 6. d4 c5 7. e3 cxd4 8. exd4 Nc6 9. O-O d5 10. Ne5 Bf5 11. Nd2 Rc8 12. Nxc6 Rxc6 13. c4 b6 14. Nf3 Rc8 15. Ne5 Be4 16. f3 Bf5 17.
g4 Be6 18. f4 dxc4 19. bxc4 Bxc4 20. Nxc4 Rxc4 21. d5 Qd6 22. Be5 Qc5+ 23. Kh1 Rd8 24. Qf3 Nxd5 25. Rad1 e6 26. f5 Bxe5 27. fxe6 Rf4 28.
Rxd5 Rxd5 29. exf7+ Kf8 0-1

[Event "*** Titled Tuesday Blitz"]
[Site "Chess.com"]
[Date "2020.10.20"]
[Round "4"]
[White "kinga2008"]
[Black "Slovak_fighter2000"]
[Result "0-1"]
[WhiteElo "2178"]
[BlackElo "2400"]
[TimeControl "180+1"]
[EndTime "10:39:21 PDT"]
[Termination "Slovak_fighter2000 won by resignation"]

1. e4 c5 2. Nf3 e6 3. c3 d5 4. e5 Nc6 5. d4 Qb6 6. a3 c4 7. Be2 f6 8. O-O fxe5 9. Nxe5 Nxe5 10. dxe5 Bc5 11. Bh5+ g6 12. Qg4 Ne7 13. Be3 gxh5 14. Qxh5+ Ng6 15. Nd2 Bd7 16. Bxc5 Qxc5 17. Kh1 O-O-O 18.
f4 Qe3 19. Rad1 Nxf4 20. Qg5 Rdf8 21. Nxc4 dxc4 22. Rd4 Nxg2 23. Qxg2 Rxf1+ 24. Qxf1 Bc6+ 0-1

[Event "*** Titled Tuesday Blitz"]
[Site "Chess.com"]
[Date "2020.10.20"]
[Round "4"]
[White "grandcoach"]
[Black "BanjoKazooieN64"]
[Result "0-1"]
[WhiteElo "2139"]
[BlackElo "2382"]
[TimeControl "180+1"]
[EndTime "10:39:21 PDT"]
[Termination "BanjoKazooieN64 won by resignation"]

1. e4 e5 2. Nf3 Nc6 3. d4 exd4 4. c3 d5 5. exd5 Qxd5 6. cxd4 Bg4 7. Be2 Bxf3 8. Bxf3 Qc4 9. b3 Bb4+ 10. Bd2 Qxd4 11. O-O O-O-O 12. Bxc6 bxc6 13. Qf3 Bxd2 14. Nxd2 Qxd2 15. Qxc6 Qd5 16. Qc3 Nf6 17. Rac1 Rd7 18.
Qg3 Ne4 19. Qxg7 Rdd8 20. Rfe1 Rhg8 21. Qxh7 Rxg2+ 22. Kxg2 Ng5+ 0-1

[Event "*** Titled Tuesday Blitz"]
[Site "Chess.com"]
[Date "2020.10.20"]
[Round "4"]
[White "regular_legs"]
[Black "GMKrikor"]
[Result "0-1"]
[WhiteElo "2513"]
[BlackElo "2801"]
[TimeControl "180+1"]
[EndTime "10:39:23 PDT"]
[Termination "GMKrikor won by resignation"]

1. d4 Nf6 2. c4 g6 3. Nc3 d5 4.
cxd5 Nxd5 5. e4 Nxc3 6. bxc3 c5 7. Bc4 Bg7 8. Ne2 O-O 9. O-O Nc6 10. Be3 Bg4 11. f3 Bd7 12. Rb1 Qc7 13. Bd3 Rad8 14. Qd2 Bc8 15. Rfc1 Na5 16. Bh6 e5 17. Bxg7 Kxg7 18.
h4 b6 19. h5 Qe7 20. h6+ Kg8 21. d5 c4 22. Bc2 Nb7 23. Ba4 Nd6 24. Qe3 f5 25. exf5 Nxf5 26. Qd2 Qc5+ 27. Kh1 Rxd5 28. Qe1 Qe3 29. Ng1 Qxh6+ 30. Nh3 Ne3 31. Qg3 Rd2 0-1

[Event "*** Titled Tuesday Blitz"]
[Site "Chess.com"]
[Date "2020.10.20"]
[Round "4"]
[White "BocharovD"]
[Black "Duhless"]
[Result "0-1"]
[WhiteElo "2802"]
[BlackElo "3014"]
[TimeControl "180+1"]
[EndTime "10:39:24 PDT"]
[Termination "Duhless won by resignation"]

1. c4 e6 2. d4 Nf6 3. g3 d5 4. Nf3 Bb4+ 5. Bd2 a5 6. Bg2 O-O 7. Qc2 c5 8. cxd5 cxd4 9. Nxd4 Qb6 10. e3 exd5 11. O-O Nc6 12. Nxc6 bxc6 13. Rc1 Rb8 14. Nc3 h5 15. Na4 Qd8 16. Bxb4 Rxb4 17. a3 Rc4 18.
Qb3 Rxc1+ 19. Rxc1 h4 20. Rxc6 d4 21. exd4 h3 22.
Bf3 Qxd4 23. Qc4 Re8 0-1

[Event "*** Titled Tuesday Blitz"]
[Site "Chess.com"]
[Date "2020.10.20"]
[Round "4"]
[White "Margarita2907"]
[Black "AniJak"]
[Result "0-1"]
[WhiteElo "2171"]
[BlackElo "2394"]
[TimeControl "180+1"]
[EndTime "10:39:24 PDT"]
[Termination "AniJak won by resignation"]

1. e4 c6 2. d4 d5 3. e5 Bf5 4.
Nd2 e6 5. Nb3 Nd7 6. Be2 Ne7 7.
Nf3 h6 8. O-O g5 9. a4 Bg7 10. a5 Qc7 11. h3 c5 12. c3 a6 13. Qd2 O-O 14. Qe3 Rac8 15. Nh2 Bg6 16. f4 Nf5 17. Qf3 cxd4 18. cxd4 f6 19. fxg5 fxg5 20.
Qd3 Nh4 21. Qe3 Be4 22. Rxf8+ Rxf8 23. Bf1 Qc2 24. Nd2 Nf5 25. Qc3 Rc8 26. Qxc2 Rxc2 27.
Nxe4 dxe4 28. b3 Nxd4 29. Bc4 Nxe5 30. Be3 Nxc4 31. bxc4 Ne2+ 32. Kf1 Bxa1 0-1

[Event "*** Titled Tuesday Blitz"]
[Site "Chess.com"]
[Date "2020.10.20"]
[Round "4"]
[White "Jungle_Jaguar"]
[Black "KyrgyzFighter"]
[Result "1-0"]
[WhiteElo "2601"]
[BlackElo "2355"]
[TimeControl "180+1"]
[EndTime "10:39:32 PDT"]
[Termination "Jungle_Jaguar won by resignation"]

1. e4 e6 2. d4 d5 3. Nc3 Nf6 4. Bg5 Be7 5. e5 Nfd7 6. Bxe7 Qxe7 7. f4 c5 8. Nb5 O-O 9. Nc7 Nb6 10. Nxa8 Nxa8 11.
Nf3 Nc6 12. c3 Nb6 13. Bd3 f5 14. O-O Bd7 15. a3 Be8 16. b4 c4 17. Bc2 Bh5 18.
Qe1 h6 19. Qh4 Qf7 20. h3 Bxf3 21. Rxf3 Ne7 22. Raf1 Ng6 23. Qh5 Ne7 24. Qxf7+ Rxf7 25. g4 Nd7 26. Kh2 a6 27. Rg1 Nf8 28. Rfg3 g6 29. gxf5 Nxf5 30. Rxg6+ Nxg6 31. Rxg6+ Kf8 32. Bxf5 Rxf5 33.
Kg3 Kf7 34. Rxh6 1-0

[Event "*** Titled Tuesday Blitz"]
[Site "Chess.com"]
[Date "2020.10.20"]
[Round "4"]
[White "Fandorine"]
[Black "Shubinkirill2003"]
[Result "1-0"]
[WhiteElo "2878"]
[BlackElo "2654"]
[TimeControl "180+1"]
[EndTime "10:39:34 PDT"]
[Termination "Fandorine won by resignation"]

1. e4 e6 2. d4 d5 3. exd5 exd5 4. Nf3 Nc6 5. Bb5 Ne7 6. c3 a6 7. Bd3 Bf5 8. O-O Qd7 9. Re1 O-O-O 10. b4 f6 11. a4 g5 12. b5 Nb8 13. Bf1 h5 14.
Na3 a5 15. c4 dxc4 16. Nxc4 Nd5 17. Nxa5 h4 18. Bd2 g4 19. Rc1 Ba3 20. Rc4 Nb6 21.
Rc3 Bb4 22. Rxc7+ Kxc7 23. Bxb4 gxf3 24. Qc1+ Nc6 25. bxc6 bxc6 26. Qf4+ 1-0

[Event "*** Titled Tuesday Blitz"]
[Site "Chess.com"]
[Date "2020.10.20"]
[Round "4"]
[White "vladislavkovalev"]
[Black "DenishevM"]
[Result "1-0"]
[WhiteElo "2853"]
[BlackElo "2562"]
[TimeControl "180+1"]
[EndTime "10:39:40 PDT"]
[Termination "vladislavkovalev won on time"]

1. e4 c5 2. Nf3 d6 3. d4 cxd4 4. Nxd4 Nf6 5. Nc3 a6 6. Rg1 g6 7. g4 Bg7 8. g5 Nfd7 9. Be3 Nc6 10. Qd2 O-O 11. O-O-O Nde5 12. Be2 b5 13. f4 Nxd4 14.
Bxd4 Nc4 15. Bxc4 bxc4 16. Bxg7 Kxg7 17. Qd4+ Kg8 18. e5 Bf5 19. exd6 Qxd6 20. Qxd6 exd6 21.
Nd5 Kg7 22. Nf6 Rfd8 23. Rd4 d5 24. Rgd1 Rd6 25. Rxd5 Re6 26. Rd8 1-0

[Event "*** Titled Tuesday Blitz"]
[Site "Chess.com"]
[Date "2020.10.20"]
[Round "4"]
[White "Boundless_Strike"]
[Black "karwowskikacper"]
[Result "1-0"]
[WhiteElo "2499"]
[BlackElo "2335"]
[TimeControl "180+1"]
[EndTime "10:39:40 PDT"]
[Termination "Boundless_Strike won on time"]

1. e4 c5 2. Nc3 Nc6 3. f4 d6 4. Nf3 g6 5. Bc4 Bg7 6. O-O Bg4 7. Bxf7+ Kf8 8. Bb3 Nd4 9. Ne2 Bxf3 10. gxf3 Nxe2+ 11. Qxe2 Nf6 12. d3 b5 13. a4 a6 14. axb5 axb5 15. Be3 Bh6 16. Kh1 Kg7 17. f5 Qc7 18. Bxh6+ Kxh6 19. Qe3+ Kg7 20. Qg5 c4 21. Ba2 cxd3 22.
cxd3 Qc2 23. Qe3 Qxb2 24. Rfb1 Qe5 25. d4 1-0

[Event "*** Titled Tuesday Blitz"]
[Site "Chess.com"]
[Date "2020.10.20"]
[Round "4"]
[White "Sacbutt"]
[Black "Sn00pPawn"]
[Result "0-1"]
[WhiteElo "2271"]
[BlackElo "2007"]
[TimeControl "180+1"]
[EndTime "10:39:41 PDT"]
[Termination "Sn00pPawn won by checkmate"]

1. e4 c5 2. Nf3 d6 3. d3 Nc6 4. c3 Nf6 5. Nbd2 b6 6. g3 Bb7 7. Bg2 e6 8. O-O Be7 9. Qc2 O-O 10. Re1 a6 11. Nf1 b5 12. h4 Qc7 13. N1h2 c4 14. d4 e5 15. d5 Na5 16. Bg5 Bc8 17. Be3 Nb7 18. a4 Bd7 19. axb5 axb5 20. Nd2 Nc5 21. Bxc5 Qxc5 22. Nhf1 Ng4 23. Ne3 Nxe3 24. Rxe3 Rxa1+ 25. Kh2 Rfa8 26. Nf3 Qc8 27. b3 R8a2 28. Qxa2 Rxa2 29. b4 Bg4 30. h5 Bd8 31. Ne1 Bb6 32. Rf3 Bxf3 33.
Bxf3 Rxf2+ 34. Ng2 Qa8 35. Kh3 Rxf3 36. Kh4 Rf2 37. Ne3 Qa2 38. Ng4 Qe2 39. Nxf2 Qxf2 40. Kg4 Qg2 41. Kf5 Bd8 42. h6 Qh3+ 43. g4 Qf3# 0-1

[Event "*** Titled Tuesday Blitz"]
[Site "Chess.com"]
[Date "2020.10.20"]
[Round "4"]
[White "Sibelephant"]
[Black "sergiochess83"]
[Result "1-0"]
[WhiteElo "3097"]
[BlackElo "2746"]
[TimeControl "180+1"]
[EndTime "10:39:43 PDT"]
[Termination "Sibelephant won by resignation"]

1. Nf3 d5 2. b3 Bg4 3. e3 e6 4. Bb2 Nf6 5. h3 Bh5 6. d3 Bd6 7. g4 Bg6 8. g5 Nh5 9. Rg1 Nd7 10.
Nh4 Be7 11. Qg4 O-O 12. Nd2 a5 13. a4 f5 14. gxf6 Bxf6 15. Nxg6 hxg6 16. d4 Bh4 17. Nf3 Rxf3 18. Qxf3 Qe7 19. Qg4 Rf8 20. Rg2 Qb4+ 21. Ke2 Qe7 22. Qxg6 Ndf6 23. Ba3 1-0

[Event "*** Titled Tuesday Blitz"]
[Site "Chess.com"]
[Date "2020.10.20"]
[Round "4"]
[White "korkmaz16"]
[Black "kleinebeer98"]
[Result "0-1"]
[WhiteElo "2367"]
[BlackElo "2627"]
[TimeControl "180+1"]
[EndTime "10:39:43 PDT"]
[Termination "kleinebeer98 won on time"]

1. e4 e5 2. Nf3 Nc6 3. Bc4 Nf6 4. Ng5 d5 5. exd5 Na5 6. Bb5+ Bd7 7. Qe2 Be7 8. Nc3 O-O 9. Qd3 c6 10. dxc6 Nxc6 11. Bxc6 Bxc6 12. Qxd8 Raxd8 13. O-O h6 14. Nf3 Bxf3 15. gxf3 Nd5 16. Nxd5 Rxd5 17. d3 Rc8 18. c3 Rxd3 19. Be3 a6 20. Rfd1 Rcd8 21. Rxd3 Rxd3 22.
Kf1 f5 23. f4 e4 24. Ke2 Kf7 25. f3 Ke6 26. fxe4 fxe4 27. Rg1 Bf6 28. h4 h5 29.
Rg6 Kf5 30. Rg1 Rd7 31. Rg2 Bxh4 32. Rh2 Kg4 33. Rg2+ Bg3 34. Bf2 h4 35. Bxg3 hxg3 36. Ke3 Rf7 0-1